 Dungeon Crawl Stone Soup version 0.21.0-37-g46506fa5f3 (webtiles) character file.

579 RUZZLEFAZAZZLE the Chopper (level 7, -7/64 HPs)
             Began as a Hill Orc Fighter on Feb 1, 2018.
             Was an Initiate of Okawaru.
             Mangled by an ogre
             ... wielding a +0 giant club
              (17 damage)
             ... on level 4 of the Dungeon.
             The game lasted 00:12:06 (3331 turns).

RUZZLEFAZAZZLE the Chopper (Hill Orc Fighter)       Turns: 3331, Time: 00:12:06

Health: -7/64      AC:  7    Str: 19    XL:     7   Next: 36%
Magic:  2/2        EV:  7    Int:  8    God:    Okawaru [......]
Gold:   113        SH:  9    Dex: 12    Spells: 6/6 levels left

rFire    . . .     SeeInvis .   n - +0 hand axe (antimagic)
rCold    . . .     Gourm    .   c - +0 shield
rNeg     . . .     Faith    .   b - +0 scale mail
rPois    .         Spirit   .   (no helmet)
rElec    .         Reflect  .   (no cloak)
rCorr    +         Harm     .   (no gloves)
MR       .....                  (no boots)
Stlth    ..........             k - amulet of regeneration
HPRegen  0.60/turn              i - ring of resist corrosion
MPRegen  0.08/turn              (no ring)

@: no status effects
A: no striking features
a: Renounce Religion


You were on level 4 of the Dungeon.
You worshipped Okawaru.
Okawaru was noncommittal.
You were not hungry.

You visited 1 branch of the dungeon, and saw 4 of its levels.

You collected 113 gold pieces.

Inventory:

Hand Weapons
 n - a +0 antimagic hand axe (weapon)
Armour
 b - a +0 scale mail (worn)
 c - a +0 shield (worn)
Jewellery
 i - a ring of resist corrosion (left hand)
 k - an amulet of regeneration (around neck)
Wands
 o - a wand of flame (24)
 s - a wand of polymorph (14)
Scrolls
 a - a scroll of identify
 h - 3 scrolls of remove curse {unknown}
 m - 3 scrolls of teleportation {unknown}
 p - 2 scrolls of fear {unknown}
 r - a scroll of enchant armour {unknown}
Potions
 d - a potion of might
 e - 3 potions of heal wounds
 j - a potion of ambrosia {unknown}
 l - 4 potions of curing {unknown}
 q - 2 potions of haste {unknown}
Comestibles
 f - 8 rations


   Skills:
 + Level 6.5 Fighting
 + Level 6.6 Axes
 + Level 5.4 Armour
 - Level 3.2 Shields


You had 6 spell levels left.
You didn't know any spells.

Dungeon Overview and Level Annotations

Branches:
Dungeon (4/15)
 Temple: D:4-7

Altars:
Elyvilon
Okawaru


Message History

You hit the ogre.
The ogre is lightly wounded.
The ogre hits you with a giant club!
You hit the ogre.
The ogre is lightly wounded.
The ogre hits you with a giant club!
You closely miss the ogre.
The ogre is lightly wounded.
The ogre hits you with a giant club!!
* * * LOW HITPOINT WARNING * * *
You closely miss the ogre.
The ogre is lightly wounded.
The ogre hits you with a giant club!
* * * LOW HITPOINT WARNING * * *
You slash the ogre!
The ogre is heavily wounded.
You hit the ogre.
The ogre is heavily wounded.
The ogre hits you with a giant club!
You die...

#............#.#.#
############..#.##...#.#..
.........###..#.##...#.###
########.#....#.##...#.#
#...#.#.#.##.####.#.#
#.#.....#.(.... ....#
#.###.######.# #.###
#............####.#
#####.###.#..@O...#
#.....######### #######


You could see an ogre.

Vanquished Creatures
  The ghost of DildoBatman the Sneak, an amateur FoEn of Ashenzari (D:3)
  An ogre (D:4)
  A howler monkey (D:4)
  A hound (D:4)
  Jessica (D:2)
  An iguana (D:4)
  A worker ant (D:4)
  10 adders
  3 oozes
  An adder skeleton (D:4)
  An adder zombie (D:3)
  A worm (D:2)
  2 dart slugs (D:1)
  2 leopard geckos
  15 orcs
  6 giant cockroaches
  11 hobgoblins
  11 jackals
  A ball python (D:1)
  7 bats
  7 frilled lizards
  3 goblins
  7 kobolds
  8 rats
  A plant (D:2)
104 creatures vanquished.

Notes
Turn   | Place    | Note
-------+----------+-------------------------------------------
     0 | D:1      | RUZZLEFAZAZZLE the Hill Orc Fighter began the quest for the Orb.
     0 | D:1      | Reached XP level 1. HP: 19/19 MP: 1/1
   126 | D:1      | Reached XP level 2. HP: 24/27 MP: 2/2
   470 | D:1      | Reached XP level 3. HP: 31/34 MP: 3/3
   941 | D:2      | Found a white marble altar of Elyvilon.
  1193 | D:2      | Reached XP level 4. HP: 41/41 MP: 1/4
  1462 | D:2      | Noticed Jessica
  1482 | D:2      | Killed Jessica
  1553 | D:2      | Reached skill level 5 in Fighting
  1850 | D:3      | Reached XP level 5. HP: 48/48 MP: 1/5
  2082 | D:3      | Noticed DildoBatman's ghost (amateur FoEn)
  2103 | D:3      | Killed DildoBatman's ghost
  2103 | D:3      | Reached skill level 5 in Axes
  2103 | D:3      | Reached XP level 6. HP: 40/57 MP: 2/6
  2950 | D:4      | Reached skill level 5 in Armour
  2952 | D:4      | Reached XP level 7. HP: 51/63 MP: 2/7
  2986 | D:4      | Found an iron altar of Okawaru.
  2996 | D:4      | Became a worshipper of Warmaster Okawaru
  3331 | D:4      | Mangled by an ogre

Skill      XL: |  1  2  3  4  5  6 |
---------------+-------------------+-----
Axes           | 3 4 5 6 |  6.6
Fighting       | 4 5 6 |  6.5
Armour         | 4 5 |  5.4
Shields        | |  3.2

Action                   |  1- 3 |  4- 6 |  7- 9 || total
-------------------------+-------+-------+-------++-------
Melee: War axe           |   111 |       |       ||   111
       Hand axe          |    14 |   196 |    60 ||   270
  Use: Scroll            |     1 |       |       ||     1
       Potion            |       |     1 |       ||     1
  Eat: Chunk             |     1 |     6 |     1 ||     8
Armor: Scale mail        |    40 |    91 |    17 ||   148
Dodge: Dodged            |    34 |    57 |    13 ||   104
Block: Shield            |    52 |   107 |    24 ||   183
